 Dungeon Sprint DCSS version 0.28-a0-440-ge3cd3e9c68 (webtiles) character file.

Game seed: 10472835882018442609

3619 MikeHunt the Fighter (level 9, -14/76 HPs)
             Began as a Demonspawn Earth Elementalist on Sept 11, 2021.
             Was a High Priest of Sif Muna.
             Demolished by a deep elf knight (31 damage)
             ... in the Dungeon (Sprint III: "The Ten Rune Challenge").
             The game lasted 00:08:57 (1798 turns).

MikeHunt the Fighter (DsEE)                         Turns: 1798, Time: 00:08:58

Health: -14/76     AC:  9    Str:  8    XL:     9   Next: 86%
Magic:  8/21       EV: 21    Int: 18    God:    Sif Muna [*****.]
Gold:   910        SH:  0    Dex: 14    Spells: 14/24 levels left

rFire   + . .      SeeInvis +   r - +2 dagger (protect)
rCold   . . .      Faith    .   (no shield)
rNeg    . . .      Spirit   .   h - +1 robe {Will+}
rPois   .          Reflect  .   (helmet unavailable)
rElec   .          Harm     .   l - +2 cloak
rCorr   .          Rampage  .   (no gloves)
Will    +....      Clarity  +   (no boots) Stlth +++.......NoTele +
                                (no amulet)
HPRegen 0.22/turn               (no ring)
MPRegen 0.17/turn               (no ring)

@: mighty, agile
A: antennae 3, molten scales 1, powered by pain 2, demonic magic 2, clarity,
dopey 1, fire resistance 1, shaggy fur 1
a: Renounce Religion, Channel Magic, Forget Spell, Divine Exegesis


You were in the Dungeon.
You worshipped Sif Muna.
Sif Muna was extremely pleased with you.
You visited 1 branch You collected 998 gold pieces.
You spent 88 gold pieces at shops.

Inventory:

Hand Weapons
 a - a +0 quarterstaff
 j - a +0 dagger
 k - a +3 quarterstaff of chaos
 r - a +2 dagger of protection (weapon)
Armour
 b - a +0 robe
 h - a +1 robe of willpower (worn)
 l - a +2 cloak (worn)
Wands
 i - a wand of polymorph (6)
Scrolls
 m - 3 scrolls of immolation
 o - a scroll of fear
Potions
 c - a potion of curing
 d - 3 potions of heal wounds
 e - a potion of haste
 f - 3 potions of magic
 g - 2 potions of berserk rage
 n - a potion of resistance
 p - a potion of flight
 q - 3 potions of mutation
Miscellaneous
 s - a piece from Xom's chessboard (15/15)


   Skills:
 - Level 9.3 Fighting
 + Level 3.8 Short Blades
 - Level 8.7 Dodging
 + Level 4.7 Stealth
 - Level 8.1 Spellcasting
 - Level 8.9 Conjurations
 - Level 0.8 Transmutations
 - Level 8.5 Fire Magic
 - Level 7.3 Earth Magic
 - Level 7.9 Invocations


You had 14 spell levels left.
You knew the following spells:

 Your Spells              Type           Power      Damage    Failure   Level
a - Sandblast             Erth           66%        2d15      1%          1
c - Passwall              Tmut/Erth      18%        N/A       2%          2
d - Sticky Flame          Conj/Fire      38%        2d6       2%          4
r - Stone Arrow           Conj/Erth      72%        3d11      1%          3

Your spell library contained the following spells:

 Spells                   Type           Power      Damage    Failure   Level
 Conjure Flame            Conj/Fire      38%        6-21      1%          3
 Ignite Poison            Fire/Tmut/Pois 18%        N/A       9%          3
 Petrify                  Tmut/Erth      22%        N/A       19%         4
 Animate Armour           Summ/Erth      40%        N/A       22%         4
 Call Canine Familiar     Summ           7%         N/A       28%         3
 Lightning Bolt           Conj/Air       11%        1d24      38%         5
 Haunt                    Necr/Summ      3%         N/A       100%        7


Dungeon Overview and Level Annotations

Branches:
Dungeon (1/1)

Altars:
Cheibriados
Dithmenos
Elyvilon
Fedhas
Gozag
Hepliaklqana
Kikubaaqudgha
Makhleb
Nemelex Xobeh
Okawaru
Qazlal
Ru
Sif Muna
Trog
Uskayaw
Vehumet
Wu Jian
Xom
Yredelemnul
Zin
The Shining One
Beogh
Jiyva
Lugonu

Shops:
D ?


Innate Abilities, Weirdness & Mutations

You have a pair of large antennae on your head. (SInv)
You are partially covered in molten scales. (AC +2)
You sometimes gain power by taking damage.
Spells you cast may paralyse nearby enemies.
You possess an exceptional clarity of mind.
You are dopey. (Int -2)
Your flesh is heat resistant. (rF+)
You are covered in fur. (AC +1)


Message History

Casting: Stone Arrow (safe; 1% risk of failure)
Confirm with . or Enter, or press ? or * to list all spells.
You don't know that spell.
Unknown command.
Aiming: Stone Arrow (safe; 1% risk of failure)
Press: ? - help, Q - select action, (/) - cycle Shift-Dir - straight line, f - deep elf knight
Aim: a deep elf knight, wielding a +1 long sword of holy wrath (wandering, hasn't noticed you, 51% to hit)
The stone arrow misses the deep elf knight.
Malevolent energies surge around you.
The deep elf knight gestures at you while chanting.
The shard of ice hits you!!
You focus on the pain.
You feel very mighty all of a sudden.
Aiming: Stone Arrow (safe; 1% risk of failure)
Press: ? - help, Q - select action, (/) - cycle Shift-Dir - straight line, f/p - deep elf knight
Aim: a deep elf knight, wielding a +1 long sword of holy wrath (51% to hit)
The stone arrow misses the deep elf knight.
Malevolent energies surge around you.
The deep elf knight gestures at you while chanting.
The shard of ice hits you.
Aiming: Stone Arrow (safe; 1% risk of failure)
Press: ? - help, Q - select action, (/) - cycle Shift-Dir - straight line, f/p - deep elf knight
Aim: a deep elf knight, wielding a +1 long sword of holy wrath (51% to hit)
The stone arrow hits the deep elf knight!!
The deep elf knight is heavily wounded.
Malevolent energies surge around you.
Casting: Stone Arrow (safe; 1% risk of failure)
Confirm with . or Enter, or press ? or * to list all spells.
Aiming: Sticky Flame (dangerous; 2% risk of failure)
Press: ? - help, Shift-Dir - straight line, f/p - deep elf knight
Aim: a deep elf knight, wielding a +1 long sword of holy wrath (heavily wounded, 100% to hit)
The sticky flame hits the deep elf knight!
The deep elf knight is severely wounded.
The deep elf knight is covered in liquid flames!
Malevolent energies surge around you.
The deep elf knight burns!
The deep elf knight hits you with a +1 long sword of holy wrath!!
* * * LOW HITPOINT WARNING * * *
You focus on the pain.
You feel agile all of a sudden.
You convulse!!
You die...

▓▓▓▓▓ ########
######.#.#######
#___#__###.#∩#...ee.#..e#
#__.#._#........@##.#e..#
#)###'##.........##.#ee.≈≈≈
.......#)........##.#...##≈
.......#.###.######.+..e#
######'#..#### #######
#__#)..#'##############
#__#..)#....#)#.#.....#
#__#..)##.#..#.##)#
#__#...'##.#.#.##.#{


You could see a deep elf knight (burning) and 2 deep elf zephyrmancers.

Vanquished Creatures
  2 orc high priests (D)
  A deep elf pyromancer (D)
  An orc sorcerer (D)
  A shadow (D)
  A spatial vortex (D)
  2 orc warriors (D)
  A necrophage (D)
  4 two-headed ogres (D)
  A water elemental (D)
  3 orc priests (D)
  A jelly (D)
  Crazy Yiuf (D)
  A wizard (D)
  Jessica (D)
  An orc wizard (D)
  A necromancer (D)
  3 humans (D)
  A kobold demonologist (D)
  6 orcs (D)
  An endoplasm (D)
  2 rats (D)
36 creatures vanquished.

Notes
Turn   | Place    | Note
-------+----------+-------------------------------------------
     0 | D        | MikeHunt the Demonspawn Earth Elementalist began the quest
                  | for the Orb.
     0 | D        | Reached XP level 1. HP: 13/13 MP: 3/3
    42 | D        | Noticed Jessica
    43 | D        | Killed Jessica
    44 | D        | Gained mutation: You sometimes gain a little power by
                  | taking damage. [demonic ancestry]
    44 | D        | Reached XP level 2. HP: 19/19 MP: 2/7
    48 | D        | Gained mutation: You have a pair of small antennae on your
                  | head. [demonic ancestry]
    48 | D        | Reached XP level 3. HP: 24/24 MP: 3/9
    67 | D        | Learned a level 3 spell: Stone Arrow
   106 | D        | Noticed Crazy Yiuf
   164 | D        | Killed Crazy Yiuf
   165 | D        | Reached skill level 5 in Earth Magic
   192 | D        | Gained mutation: You are clumsy. (Dex -2) [potion of
                  | mutation]
   192 | D        | Gained mutation: You tend to lose your temper in combat.
                  | [potion of mutation]
   195 | D        | Lost mutation: You tend to lose your temper in combat.
                  | [potion of mutation]
   195 | D        | Lost mutation: You are clumsy. (Dex -2) [potion of
                  | mutation]
   195 | D        | Gained mutation: You are dopey. (Int -2) [potion of
                  | mutation]
   195 | D        | Gained mutation: You are covered in fur. (AC +1) [potion of
                  | mutation]
   195 | D        | Gained mutation: You have hidden genetic potential. [potion
                  | of mutation]
   217 | D        | Gained mutation: You are partially covered in molten
                  | scales. (AC +2) [demonic ancestry]
   217 | D        | Reached XP level 4. HP: 30/30 MP: 4/10
   229 | D        | Learned a level 2 spell: Passwall
   267 | D        | Noticed a water elemental
   278 | D        | Killed a water elemental
   279 | D        | Reached skill level 5 in Conjurations
   299 | D        | Gained mutation: Your flesh is heat resistant. (rF+)
                  | [hidden potential]
   335 | D        | Found a radiant altar of Vehumet.
   336 | D        | Found a shimmering blue altar of Sif Muna.
   336 | D        | Noticed a wizard
   342 | D        | Killed a wizard
   343 | D        | Gained mutation: You have a pair of antennae on your head.
                  | [demonic ancestry]
   343 | D        | Reached XP level 5. HP: 27/35 MP: 10/12
   343 | D        | Noticed a hellwing
   347 | D        | Found an ancient bone altar of Kikubaaqudgha.
   354 | D        | Became a worshipper of Sif Muna the Loreminder
   366 | D        | Learned a level 4 spell: Sticky Flame
   523 | D        | Noticed a deep elf pyromancer
   527 | D        | Killed a deep elf pyromancer
   528 | D        | Reached skill level 4 in Fighting
   528 | D        | Gained mutation: You have a pair of large antennae on your
                  | head. (SInv) [demonic ancestry]
   528 | D        | Reached XP level 6. HP: 49/49 MP: 4/13
   528 | D        | Gained mutation: Spells you cast may paralyse adjacent
                  | enemies. [demonic ancestry]
   528 | D        | Reached XP level 7. HP: 55/55 MP: 4/14
   550 | D        | Gained mutation: You possess an exceptional clarity of
                  | mind. [hidden potential]
   550 | D        | Lost mutation: You have hidden genetic potential. [hidden
                  | potential expressed]
   596 | D        | Found a shadowy altar of Dithmenos.
   599 | D        | Reached skill level 5 in Fighting
   599 | D        | Reached skill level 5 in Dodging
   599 | D        | Reached * piety under Sif Muna
   600 | D        | Found a basalt altar of Yredelemnul.
   600 | D        | Found a sacrificial altar of Ru.
   637 | D        | Noticed a shadow
   728 | D        | Found a blossoming altar of Fedhas.
   730 | D        | Found a stormy altar of Qazlal.
   731 | D        | Found a snail-covered altar of Cheibriados.
   731 | D        | Found a burning altar of Makhleb.
   731 | D        | Found a shimmering altar of Xom.
   733 | D        | Noticed a spatial vortex
   734 | D        | Killed a shadow
   735 | D        | Reached skill level 5 in Fire Magic
   735 | D        | Found a hazy altar of Hepliaklqana.
   735 | D        | Found an opulent altar of Gozag.
   735 | D        | Found a sparkling altar of Nemelex Xobeh.
   735 | D        | Found a corrupted altar of Lugonu.
   735 | D        | Found a viscous altar of Jiyva.
   903 | D        | Killed a spatial vortex
   903 | D        | Reached ** piety under Sif Muna
   904 | D        | Reached skill level 6 in Fighting
   904 | D        | Gained mutation: Spells you cast may paralyse nearby
                  | enemies. [demonic ancestry]
   904 | D        | Reached XP level 8. HP: 64/64 MP: 1/15
  1000 | D        | Found a hide-covered altar of Uskayaw.
  1000 | D        | Found an iron altar of Okawaru.
  1001 | D        | Found a bloodstained altar of Trog.
  1001 | D        | Found an ornate altar of the Wu Jian Council.
  1011 | D        | Reached skill level 5 in Spellcasting
  1055 | D        | Reached *** piety under Sif Muna
  1056 | D        | Reached skill level 7 in Fighting
  1204 | D        | Noticed a two-headed ogre
  1209 | D        | Killed a two-headed ogre
  1225 | D        | Found Naneeg's Magic Scroll Shoppe.
  1225 | D        | Noticed an orc high priest
  1230 | D        | Noticed an orc sorcerer
  1238 | D        | Noticed a rust devil
  1238 | D        | Noticed a rust devil
  1264 | D        | Noticed a sun demon
  1264 | D        | Noticed a rust devil
  1284 | D        | Killed an orc high priest
  1285 | D        | Reached skill level 8 in Fighting
  1285 | D        | Gained mutation: You sometimes gain power by taking damage.
                  | [demonic ancestry]
  1285 | D        | Reached XP level 9. HP: 33/75 MP: 10/20
  1482 | D        | Reached **** piety under Sif Muna
  1497 | D        | Noticed an orc sorcerer
  1512 | D        | Killed an orc sorcerer
  1513 | D        | Reached skill level 9 in Fighting
  1547 | D        | Reached ***** piety under Sif Muna
  1586 | D        | Received a gift from Sif Muna
  1587 | D        | Got Sif Muna's Catalogue of the Feathery Escort {god gift}
  1617 | D        | Noticed an orc high priest
  1623 | D        | Noticed an orange demon
  1624 | D        | Noticed a rust devil
  1626 | D        | Killed an orc high priest
  1754 | D        | Bought 2 scrolls of identify for 44 gold pieces
  1756 | D        | Bought a scroll of identify for 22 gold pieces
  1757 | D        | Bought a scroll of identify for 22 gold pieces
  1763 | D        | Noticed a deep elf zephyrmancer
  1763 | D        | Noticed a deep elf knight
  1763 | D        | Noticed a deep elf pyromancer
  1763 | D        | Noticed a deep elf pyromancer
  1763 | D        | Noticed a deep elf zephyrmancer
  1798 | D        | Demolished by a deep elf knight

Illustrated notes

Levels and vault maps discovered:
D:        dungeon_sprint_mu [sprint_mu_entry_forest, sprint_mu_temple_rooms,
          sprint_mu_d1_spiders, sprint_mu_d2_genie, sprint_mu_d3_branching,
          sprint_mu_orc_legion, sprint_mu_elf_gauntlet, sprint_mu_hive_nellie,
          sprint_mu_lair_fedhas, sprint_mu_vaults_butterflies,
          sprint_mu_slime_circle, sprint_mu_swamp_cave, sprint_mu_shoals_archi,
          sprint_mu_blade_basic, sprint_mu_crypt_fortress,
          sprint_mu_tomb_spiral, sprint_mu_vestibule_basic,
          sprint_mu_gehenna_hellfire, sprint_mu_dis_giant,
          sprint_mu_tartarus_statrot, sprint_mu_cocytus_islands, sprint_mu_zot1]

Skill      XL: |  1  2  3  4  5  6  7  8  9 |
---------------+----------------------------+-----
Earth Magic    | 4 5 7 |  7.3
Spellcasting   | 4 7 8 |  8.1
Conjurations   | 3 6 8 |  8.9
Fighting       | 4 6 8 9 |  9.3
Dodging        | 4 5 8 |  8.7
Fire Magic     | 4 5 7 8 |  8.5
Invocations    | 6 7 |  7.9
Stealth        | 4 |  4.7
Short Blades   | 3 |  3.8
Transmutations | |  0.8

Action                   |  1- 3 |  4- 6 |  7- 9 || total
-------------------------+-------+-------+-------++-------
Melee: Unarmed           |     2 |       |       ||     2
       Dagger            |       |       |    27 ||    27
 Cast: Sandblast         |    12 |    18 |       ||    30
       Stone Arrow       |       |     2 |    56 ||    58
       Sticky Flame      |       |       |     8 ||     8
Invok: Channel Magic     |       |       |     2 ||     2
  Use: Potion            |     2 |       |       ||     2
       Scroll            |       |       |     5 ||     5
 Stab: Paralysed         |       |       |     4 ||     4
Armor: Robe              |       |     1 |    11 ||    12
Dodge: Dodged            |     3 |     7 |    20 ||    30

Table legend: (Time is in decaauts)
 A = Elapsed time spent in this place.
 B = Non-inter-level travel time spent in this place.
 C = Inter-level travel time spent in this place.
 D = Time resting spent in this place.
 E = Time spent auto-exploring this place.
 F = Levels seen in this place.
 G = Mean time per level.
                   A        B        C        D        E       F      G
               +--------+--------+--------+--------+--------+-----+--------+
         Total |   1784 |   1784 |      0 |   1098 |     62 |   1 | 1784.0 |
       Dungeon |   1784 |   1784 |      0 |   1098 |     62 |   1 | 1784.0 |
               +--------+--------+--------+--------+--------+-----+--------+

Top non-repeatable levels by time:
       D: 1784 daAuts
